 Dungeon Crawl Stone Soup version 0.30-a0-782-ge64f9170bb (webtiles) character file.

Game seed: 16525869091851888163

485 tilp the Slasher (level 7, -22/60 HPs)
             Began as a Meteoran Fighter on Mar 14, 2023.
             Annihilated by an ogre
             ... wielding a +0 giant spiked club
              (25 damage)
             ... on level 4 of the Dungeon.
             The game lasted 00:08:26 (1703 turns).

tilp the Slasher (Meteoran Fighter)                 Turns: 1703, Time: 00:08:27

Health: -22/60     AC:  8    Str: 19    XL:     7   Next: 62%
Magic:  8/8        EV: 10    Int:  9    God:
Gold:   134        SH:  5    Dex: 15    Spells: 6/6 levels left

rFire   . . .      SeeInvis .    a - +1 long sword
rCold   . . .      Faith    .    c - +0 buckler
rNeg    . . .      Spirit   .    v - +1 scale mail "Ymych" {Regen+}
rPois   .          Reflect  .    (no helmet)
rElec   .          Harm     .    (no cloak)
rCorr   .          Rampage  .    (no gloves)
Will    .....                    (no boots) Stlth
                                 (no amulet)
HPRegen 1.10/turn                (no ring)
MPRegen 0.11/turn                (no ring)

@: hasted, glowing, very quick
A: sense surroundings 1, otherworldly, glowing, explore regen
a: no special abilities


You were on level 4 of the Dungeon.
You visited 1 branch of the dungeon, and saw 5 of its levels.

You collected 134 gold pieces.

Inventory:

Hand Weapons
 a - a +1 long sword (weapon)
 b - a +1 dagger of protection
Missiles
 e - 5 javelins
 h - 2 throwing nets
 t - 22 poisoned darts (quivered)
 w - 3 boomerangs
Armour
 c - a +0 buckler (worn)
 m - a +0 chain mail
 v - the +1 scale mail "Ymych" (worn) {Regen+}
   (You found it on level 4 of the Dungeon)

   Regen:     It increases your rate of health regeneration.
Jewellery
 j - a ring of ice
Wands
 k - a wand of iceblast (29)
 n - a wand of polymorph (9)
Scrolls
 f - 6 scrolls of teleportation
 i - a scroll of noise {unknown}
 l - a scroll of blinking {unknown}
 q - a scroll of enchant armour {unknown}
 s - a scroll of magic mapping {unknown}
 x - a scroll of brand weapon {unknown}
 y - a scroll of amnesia {unknown}
Potions
 d - a potion of heal wounds
 g - a potion of brilliance
 o - a potion of haste
 p - a potion of cancellation
 u - 2 potions of degeneration


   Skills:
 * Level 4.7 Fighting
 * Level 6.6 Long Blades
 + Level 1.5 Throwing
 - Level 4.0 Armour
 + Level 2.7 Dodging
 - Level 4.0 Shields
 + Level 1.5 Evocations


You had 6 spell levels left.
You didn't know any spells.
Your spell library was empty.

Dungeon Overview and Level Annotations

Branches:
Dungeon (5/15) Zot: 1267
 Temple: D:4-7

Altars:
Hepliaklqana
Wu Jian

Shops:
D:3 [


Innate Abilities, Weirdness & Mutations

You passively map a small area around you.
You are easily found by Zot.
You glow in the dark.
You regain HP and MP as you explore.


Message History

There is a stone staircase leading up, spattered with blood here.
The ogre barely misses you. The gnoll hits you with a +0 flail.
The gnoll hits you but does no damage.
You climb upwards.
There is a stone staircase leading down here.
Unknown command.
The gnoll barely misses you. The ogre attacks as you move away!
The ogre hits you with a +0 giant spiked club!
The gnoll attacks as you move away! The gnoll hits you with a +0 flail.
Really walk into that dispersal trap?
You enter a dispersal trap!
The gnoll blinks!
The ogre blinks!
The gnoll blinks! x2; The ogre blinks!
You blink.
There are monsters nearby!
The gnoll closely misses you.
You open the door. The gnoll hits you with a +0 flail.
The gnoll attacks as you move away! The gnoll hits you but does no damage.
There is an open door here.
The gnoll attacks as you move away! The gnoll closely misses you.
The gnoll is no longer moving quickly.
The gnoll attacks as you move away! The gnoll closely misses you.
You barely miss the gnoll. The gnoll hits you with a +0 flail!
You barely miss the gnoll. The gnoll closely misses you.
You closely miss the gnoll. The gnoll hits you with a +0 flail.
* * * LOW HITPOINT WARNING * * *
You slash the gnoll!
The gnoll is almost dead.
The gnoll misses you.
You barely miss the gnoll.
The gnoll is almost dead.
You block the gnoll's attack.
You hit the gnoll.
You kill the gnoll!
You feel yourself speed up.
The ogre hits you with a +0 giant spiked club!!
* * * LOW HITPOINT WARNING * * *
You hit the ogre.
The ogre is lightly wounded.
The ogre hits you with a +0 giant spiked club!!
You die...

#.)...######.)#.# #..#....
#.##..........#.####.......
#.##....####.##......######
#.##....##...........+.....
#.##....##...........####.#
#.###+####........^........
#........###'###.#........< #
#.###.##.###.#........)>... #
#####)#.......@O.'........#..##
###.....)[..##.###.#........#..#.
......#.###.#...##.#.............
###.#.### #.#...##.#........#....
#.#.# #.#...##...............
#.#.# #......................
#.#.# ##.##########.##[#).....
###.#.####......... ...##........
............#############.#......


You could see an ogre.

Vanquished Creatures
  Sigmund (D:3)
  A necrophage (D:5)
  Jessica (D:2)
  Ijyb (D:4)
  Natasha (thrice) (D:3)
  An orc wizard (D:3)
  3 adders
  2 gnolls (D:4)
  An ufetubus (D:5)
  A worm (D:2)
  9 orcs
  5 ball pythons
  3 bats
  8 endoplasms
  2 giant cockroaches (D:1)
  3 goblins
  2 hobgoblins
  4 kobolds
  2 quokkas (D:2)
  2 rats
55 creatures vanquished.

Notes
Turn   | Place    | Note
-------+----------+-------------------------------------------
     0 | D:1      | tilp the Meteoran Fighter began the quest for the Orb.
     0 | D:1      | Reached XP level 1. HP: 19/19 MP: 2/2
    69 | D:1      | Reached XP level 2. HP: 26/26 MP: 3/3
    83 | D:1      | Reached skill level 3 in Long Blades
   157 | D:2      | Reached skill level 1 in Dodging
   266 | D:3      | Noticed Sigmund
   281 | D:3      | Killed Sigmund
   282 | D:3      | Reached skill level 5 in Long Blades
   282 | D:3      | Reached XP level 3. HP: 9/33 MP: 4/4
   282 | D:3      | Reached XP level 4. HP: 11/40 MP: 5/5
   282 | D:3      | Reached XP level 5. HP: 13/46 MP: 6/6
   282 | D:3      | Reached XP level 6. HP: 15/52 MP: 7/7
   295 | D:4      | Noticed Ijyb
   309 | D:4      | Killed Ijyb
   310 | D:4      | Reached skill level 6 in Long Blades
   452 | D:3      | Found Refan's Armour Shoppe.
   463 | D:3      | Noticed Natasha
   472 | D:3      | Killed Natasha
   616 | D:3      | Noticed Natasha
   625 | D:3      | Killed Natasha
   626 | D:3      | Reached skill level 1 in Throwing
   626 | D:3      | Reached skill level 1 in Evocations
   626 | D:3      | Reached XP level 7. HP: 60/60 MP: 8/8
   726 | D:3      | Noticed Natasha
   735 | D:3      | Killed Natasha
   741 | D:2      | Noticed Jessica
   748 | D:2      | Killed Jessica
   758 | D:2      | Found a faded altar of an unknown god.
  1020 | D:4      | Identified the +1 scale mail "Ymych" {Regen+}
  1096 | D:4      | Found an ornate altar of the Wu Jian Council.
  1125 | D:4      | Found a hazy altar of Hepliaklqana.
  1227 | D:5      | Entered Level 5 of the Dungeon
  1702 | D:4      | HP: 3/60 [ogre/+0 giant spiked club (24)]
  1703 | D:4      | Annihilated by an ogre

Illustrated notes

Levels and vault maps discovered:
D:1:      dpeg_arrival_ternary, layout_basic
D:2:      layout_basic, chequers_ecumenical_altar_simple_redux,
          minmay_pentomino_u2, uniq_robin, uniq_terence, uniq_jessica
D:3:      layout_basic, serial_shops, nicolae_shop_stone,
          minmay_misc_feat_doors, uniq_natasha, uniq_sigmund
D:4:      layout_basic, mainiacjoe_overflow_alcove_4,
          mainiacjoe_overflow_cross_hatched, kennysheep_generic_room_3,
          uniq_ijyb
D:5:      cheibrodos_barr_body, layout_loops_ring, mainiacjoe_overflow_24_doors,
          mainiacjoe_overflow_small_starburst, uniq_duvessa

Skill      XL: |  1  2  3  4  5  6  7 |
---------------+----------------------+-----
Long Blades    | 5 6 |  6.6
Dodging        | 2 |  2.7
Fighting       | 4 |  4.7
Throwing       | 1 |  1.5
Evocations     | 1 |  1.5
Shields        | 4 |  4.0
Armour         | 4 |  4.0

Action                     |  1- 3 |  4- 6 |  7- 9 || total
---------------------------+-------+-------+-------++-------
  Melee: Long sword        |    26 |    62 |    92 ||   180
    Use: Scroll            |     3 |     3 |     1 ||     7
         Potion            |     1 |       |     1 ||     2
 Armour: Scale mail        |    13 |     4 |    27 ||    44
         Chain mail        |       |    41 |    12 ||    53
  Dodge: Dodged            |     6 |    29 |    31 ||    66
  Block: Buckler           |     6 |    13 |    16 ||    35

Table legend: (Time is in decaauts)
 A = Elapsed time spent in this place.
 B = Non-inter-level travel time spent in this place.
 C = Inter-level travel time spent in this place.
 D = Time resting spent in this place.
 E = Time spent auto-exploring this place.
 F = Levels seen in this place.
 G = Mean time per level.
                   A        B        C        D        E       F      G
               +--------+--------+--------+--------+--------+-----+--------+
         Total |   1732 |   1436 |    296 |     11 |      0 |   5 |  346.4 |
       Dungeon |   1732 |   1436 |    296 |     11 |      0 |   5 |  346.4 |
               +--------+--------+--------+--------+--------+-----+--------+

Top non-repeatable levels by time:
     D:4: 856 daAuts
     D:3: 572 daAuts
     D:1: 154 daAuts
     D:2: 108 daAuts
     D:5: 39 daAuts
